 Dungeon Crawl Stone Soup version 0.26-a0-863-g3bff4b215c (webtiles) character file.

Game seed: 12204197228810921968

12189 robertstho the Grappler (level 11, -4/107 HPs)
             Began as a Troll Fighter on Nov 25, 2020.
             Was the Champion of Okawaru.
             Slain by a two-headed ogre
             ... wielding a +0 giant club
              (23 damage)
             ... on level 10 of the Dungeon.
             The game lasted 00:14:19 (8599 turns).

robertstho the Grappler (Troll Fighter)             Turns: 8599, Time: 00:14:23

Health: -4/107     AC:  8    Str: 33    XL:     11   Next: 59%
Magic:  0/23       EV: 10    Int:  6    God:    Okawaru [******]
Gold:   117        SH: 10    Dex:  9    Spells: 10/10 levels left

rFire    . . .     SeeInvis .   N - +2 broad axe (flame)
rCold    . . .     Faith    .   b - +0 kite shield
rNeg     . . .     Spirit   +   i - +2 robe "Kydeunez" {MP+9}
rPois    .         Reflect  .   (helmet restricted)
rElec    .         Harm     .   (no cloak)
rCorr    .         Rampage  .   (gloves unavailable)
MR       .....                  (boots unavailable)
Stlth    +.........             p - amulet of guardian spirit
HPRegen  0.67/turn              B - +4 ring of slaying
MPRegen  0.18/turn              k - +6 ring of strength

@: no status effects
A: large, unfitting armour, claws 3, regeneration 1, shaggy fur 1, tough skin 3
a: Heroism, Finesse, Renounce Religion


You were on level 10 of the Dungeon.
You worshipped Okawaru.
Okawaru was exalted by your worship.
You visited 1 branch of the dungeon, and saw 10 of its levels.
You also visited: Ossuary.

You collected 537 gold pieces.
You spent 420 gold pieces at shops.

Inventory:

Hand Weapons
 N - a +2 broad axe of flaming (weapon)
Missiles
 y - 21 boomerangs (quivered)
Armour
 b - a +0 kite shield (worn)
 i - the +2 robe "Kydeunez" (worn) {MP+9}
   (Okawaru gifted it to you on level 10 of the Dungeon)

   It affects your magic capacity (+9).
 j - a +0 troll leather armour
 E - a +2 robe of magic resistance
Jewellery
 h - an uncursed ring of protection from cold
 k - a +6 ring of strength (right claw)
 p - an amulet of guardian spirit (around neck)
 q - a +4 ring of evasion
 B - a +4 ring of slaying (left claw)
 C - a +6 ring of strength
 I - an uncursed ring of see invisible {unknown}
Wands
 l - a wand of acid (19)
 F - a wand of disintegration (15)
Scrolls
 d - 5 scrolls of blinking {unknown}
 e - 5 scrolls of fear {unknown}
 f - 6 scrolls of teleportation
 g - 2 scrolls of magic mapping {unknown}
 m - 3 scrolls of enchant weapon {unknown}
 s - 7 scrolls of remove curse {unknown}
 u - a scroll of enchant armour {unknown}
 v - a scroll of holy word {unknown}
 w - a scroll of immolation {unknown}
 A - a scroll of fog {unknown}
 D - 2 scrolls of noise {unknown}
Potions
 a - a potion of mutation
 c - 2 potions of might
 o - 3 potions of ambrosia
 t - 6 potions of curing
 x - 4 potions of flight
 G - a potion of magic
 J - a potion of haste {unknown}
 K - a potion of cancellation


   Skills:
 * Level 6.6 Fighting
 + Level 2.0 Axes
 + Level 2.4 Armour
 + Level 5.5 Dodging
 + Level 5.7 Shields
 * Level 12.4 Unarmed Combat
 * Level 6.0 Invocations


You had 10 spell levels left.
You didn't know any spells.
Your spell library contained the following spells:

 Spells                   Type           Power        Failure   Level
 Foxfire                  Conj/Fire      #...         69%         1
 Magic Dart               Conj           #...         69%         1
 Sandblast                Erth           #.....       69%         1
 Blink                    Tloc           N/A          83%         2
 Call Imp                 Summ           #.......     83%         2
 Passwall                 Tmut/Erth      #.......     83%         2
 Poisonous Vapours        Pois/Air       #.....       83%         2
 Slow                     Hex            #.......     83%         2
 Conjure Flame            Conj/Fire      #.......     96%         3
 Inner Flame              Hex/Fire       #.......     96%         3
 Mephitic Cloud           Conj/Pois/Air  #.......     96%         3
 Stone Arrow              Conj/Erth      #.....       96%         3
 Petrify                  Tmut/Erth      #.......     100%        4
 Sticky Flame             Conj/Fire      #.......     100%        4
 Fireball                 Conj/Fire      #.........   100%        5
 Lee's Rapid Deconstruct  Erth           #.........   100%        5
 Freezing Cloud           Conj/Ice/Air   #.........   100%        6


Dungeon Overview and Level Annotations

Branches:
Dungeon (10/15)            Temple (0/1) D:7            Lair (0/6) D:8
Ossuary (visited)
    Orc: D:9-12

Altars:
Ashenzari
Cheibriados
Dithmenos
Fedhas
Hepliaklqana
Kikubaaqudgha
Okawaru
Qazlal
Trog
Wu Jian
Zin
Beogh

Shops:
D:9 }!

Annotations:
D:4 3 runed translucent doors, Sabo's ghost, amateur DsBe
D:7 5 transporters, Prince Ribbit
D:9 exclusion: ice statue


Innate Abilities, Weirdness & Mutations

You are too large for most types of armour.
You have claws for hands.
Your natural rate of healing is unusually fast.
You are covered in fur. (AC +1)
You have extremely tough skin. (AC +3)


Message History

You are no longer poisoned.
You block the two-headed ogre's attack.
The two-headed ogre hits you with a +0 giant spiked club!
* * * LOW HITPOINT WARNING * * *
The orc wizard barely misses you.
The two-headed ogre hits you with a +0 giant club!
* * * LOW HITPOINT WARNING * * *
The two-headed ogre hits you with a +0 giant spiked club!
* * * LOW HITPOINT WARNING * * *
You feel much better. The orc wizard casts a spell at you.
The magic dart hits you!
You don't have enough magic at the moment.
You slash the two-headed ogre! You burn the two-headed ogre!
The two-headed ogre is severely wounded.
You hit the orc wizard. You burn the orc wizard.
The two-headed ogre hits you with a +0 giant club!
* * * LOW HITPOINT WARNING * * *
The two-headed ogre hits you with a +0 giant spiked club!!
You die...

≈ .# ##. #######≈ #.###
≈≈≈ ≈≈≈≈≈≈ .... #.#
....## ..# #.#
##.#..#####..# #.#
##>..#...(....#####
..####..#.##.##(o)......
...)..)......###@O......
((.......#...# #))......
###########...#......<..
## #...##._...... .#
#...#...§..... .#
...##.!......# .# ...#
#.......# .# ..##
#........ .# ...#


You could see a two-headed ogre and an orc wizard.

Vanquished Creatures
  Erolcha (D:10)
  A boulder beetle (D:10)
  The ghost of Redexial the Cutter, a novice TrAK of Lugonu (D:9)
  2 two-headed ogres (D:8)
  Pikel (D:8)
  2 ugly things
  2 spectral centaurs (D:9)
  A centaur zombie (D:9)
  2 trolls
  A wraith (D:10)
  2 wyverns (D:8)
  4 yaks
  Eustachio (D:4)
  2 basilisks
  Duvessa (D:5)
  5 water moccasins
  An orc warrior (D:6)
  A black bear (D:7)
  An ice beast (D:6)
  A sky beast (D:5)
  A phantom (D:10)
  4 ogres
  4 centaurs
  A big kobold (D:10)
  4 lemures (D:7)
  7 bullfrogs
  A spectral wyvern (D:9)
  Dowan (D:5)
  A wyvern skeleton (D:8)
  A wyvern zombie (D:8)
  2 scorpions
  A water moccasin skeleton (D:10)
  4 killer bees (D:9)
  3 howler monkeys (D:9)
  3 electric eels (D:6)
  2 bullfrog zombies
  4 hounds
  5 orc priests
  3 jellies
  3 bullfrog skeletons
  3 iguanas
  Natasha (thrice) (D:2)
  17 orc wizards
  6 worker ants
  3 big kobold zombies (Ossuary)
  A hound skeleton (D:6)
  A mummy (Ossuary)
  A howler monkey zombie (D:5)
  Robin (D:2)
  10 adders
  4 gnolls (D:6)
  2 shadow imps
  2 white imps
  2 ufetubi
  2 oozes
  2 adder zombies
  3 adder skeletons
  A worm (D:2)
  2 dart slugs
  3 leopard geckos
  33 orcs
  4 spectral bats (Ossuary)
  4 ball pythons
  3 giant cockroaches
  9 gnoll zombies (Ossuary)
  17 goblins
  24 hobgoblins
  10 kobolds
  A quokka (D:4)
  7 bats
  5 bat simulacra (Ossuary)
  7 frilled lizards
  7 goblin simulacra (Ossuary)
  9 goblin zombies (Ossuary)
  4 hobgoblin zombies (Ossuary)
  A kobold zombie (Ossuary)
  4 orc zombies (Ossuary)
  4 rats
  2 rat simulacra (Ossuary)
  A spectral goblin (Ossuary)
  4 spectral kobolds (Ossuary)
  2 spectral rats (Ossuary)
  A bush (D:5)
320 creatures vanquished.

Vanquished Creatures (others)
  3 fungi
  9 plants
12 creatures vanquished.

Grand Total: 332 creatures vanquished

Notes
Turn   | Place    | Note
-------+----------+-------------------------------------------
     0 | D:1      | robertstho the Troll Fighter began the quest for the Orb.
     0 | D:1      | Reached XP level 1. HP: 22/22 MP: 0/0
    72 | D:1      | Reached XP level 2. HP: 29/29 MP: 1/1
   787 | D:2      | Reached XP level 3. HP: 36/36 MP: 2/2
   864 | D:2      | Noticed Natasha
   869 | D:2      | Killed Natasha
   916 | D:2      | Noticed Robin
   918 | D:2      | Reached XP level 4. HP: 41/44 MP: 3/3
   937 | D:2      | Reached skill level 3 in Unarmed Combat
   941 | D:2      | Killed Robin
  1025 | D:2      | Found an iron altar of Okawaru.
  1034 | D:2      | Became a worshipper of Warmaster Okawaru
  1107 | D:2      | Noticed Natasha
  1118 | D:2      | Killed Natasha
  1184 | D:2      | Reached XP level 5. HP: 53/53 MP: 4/4
  1318 | D:2      | Noticed Natasha
  1324 | D:2      | Killed Natasha
  1920 | D:3      | Reached skill level 4 in Unarmed Combat
  2026 | D:3      | Reached skill level 1 in Invocations
  2026 | D:3      | Reached XP level 6. HP: 61/61 MP: 5/5
  2547 | D:4      | Reached skill level 5 in Unarmed Combat
  2553 | D:4      | Reached * piety under Okawaru
  2554 | D:4      | Reached XP level 7. HP: 25/67 MP: 7/7
  2740 | D:4      | Noticed Eustachio
  2749 | D:4      | Killed Eustachio
  2825 | D:4      | Found a runed translucent gate.
  2826 | D:4      | Found a runed translucent gate.
  2827 | D:4      | Found a runed translucent gate.
  2827 | D:4      | Noticed Sabo's ghost (amateur DsBe)
  2829 | D:4      | Identified the +1 scale mail "Xafocsi" {rC+ rCorr Dex+4
                  | Slay-6}
  3113 | D:4      | Found a stormy altar of Qazlal.
  3220 | D:4      | Found a roughly hewn altar of Beogh.
  3266 | D:5      | Entered Level 5 of the Dungeon
  3345 | D:5      | Reached skill level 6 in Unarmed Combat
  3379 | D:5      | Noticed Duvessa
  3379 | D:5      | Noticed Dowan
  3386 | D:5      | Killed Duvessa
  3387 | D:5      | Reached XP level 8. HP: 77/78 MP: 6/8
  3388 | D:5      | Killed Dowan
  3402 | D:5      | Found a sand-covered staircase.
  3427 | Ossuary  | Entered an ossuary
  3558 | Ossuary  | Reached ** piety under Okawaru
  4019 | D:5      | Reached skill level 7 in Unarmed Combat
  4207 | D:5      | Found a hazy altar of Hepliaklqana.
  4555 | D:6      | Found a snail-covered altar of Cheibriados.
  4616 | D:6      | Found a blossoming altar of Fedhas.
  4642 | D:6      | Reached skill level 8 in Unarmed Combat
  4925 | D:6      | Reached XP level 9. HP: 71/85 MP: 8/10
  5673 | D:7      | Found a staircase to the Ecumenical Temple.
  5758 | D:7      | Found a transporter.
  5761 | D:7      | Noticed a red ugly thing
  5762 | D:7      | Found a transporter.
  5774 | D:7      | Found a transporter.
  5774 | D:7      | Noticed Prince Ribbit
  5789 | D:7      | Found a transporter.
  5790 | D:7      | Found a transporter.
  5801 | D:7      | Noticed a purple ugly thing
  5802 | D:7      | Reached *** piety under Okawaru
  5813 | D:7      | Killed a purple ugly thing
  5814 | D:7      | Reached skill level 5 in Fighting
  5814 | D:7      | Reached skill level 9 in Unarmed Combat
  5867 | D:7      | Found an ornate altar of the Wu Jian Council.
  5871 | D:7      | Found an ancient bone altar of Kikubaaqudgha.
  5955 | D:7      | Noticed a troll
  5960 | D:7      | Killed a troll
  5960 | D:7      | Reached **** piety under Okawaru
  6219 | D:8      | Noticed a two-headed ogre
  6226 | D:8      | Killed a two-headed ogre
  6227 | D:8      | Reached skill level 10 in Unarmed Combat
  6323 | D:8      | Reached ***** piety under Okawaru
  6324 | D:8      | Reached skill level 5 in Shields
  6324 | D:8      | Reached XP level 10. HP: 96/96 MP: 12/12
  6332 | D:8      | Noticed Pikel
  6334 | D:7      | Found a broken altar of Ashenzari.
  6334 | D:7      | Found a bloodstained altar of Trog.
  6504 | D:8      | Reached skill level 1 in Armour
  6518 | D:8      | Killed Pikel
  6657 | D:8      | Reached skill level 5 in Dodging
  6680 | D:8      | Found a staircase to the Lair.
  6711 | D:8      | Noticed a two-headed ogre
  6720 | D:8      | Killed a two-headed ogre
  6721 | D:8      | Reached skill level 11 in Unarmed Combat
  6721 | D:8      | Reached skill level 5 in Invocations
  6874 | D:8      | Noticed a cyan ugly thing
  6880 | D:8      | Killed a cyan ugly thing
  7148 | D:8      | Found a glowing silver altar of Zin.
  7412 | D:9      | Found a runed translucent gate.
  7412 | D:9      | Found a runed translucent gate.
  7412 | D:9      | Found a runed translucent gate.
  7412 | D:9      | Noticed a spectral centaur warrior
  7414 | D:9      | Noticed Redexial's ghost (novice TrAK)
  7414 | D:9      | Noticed a spectral centaur warrior
  7480 | D:9      | Found Sexus's Distillery.
  7484 | D:9      | Bought a potion of cancellation for 120 gold pieces
  7484 | D:9      | Bought a potion of flight for 45 gold pieces
  7484 | D:9      | Bought a potion of brilliance for 60 gold pieces
  7484 | D:9      | Bought a potion of curing for 45 gold pieces
  7484 | D:9      | Bought a potion of heal wounds for 75 gold pieces
  7484 | D:9      | Bought a potion of heal wounds for 75 gold pieces
  7551 | D:9      | Found Coshro Vauz's Gadget Shop.
  7771 | D:9      | Reached XP level 11. HP: 52/105 MP: 7/13
  8272 | D:9      | Killed Redexial's ghost
  8272 | D:9      | Reached ****** piety under Okawaru
  8276 | D:9      | Received a gift from Okawaru
  8281 | D:9      | Reached skill level 12 in Unarmed Combat
  8327 | D:10     | Entered Level 10 of the Dungeon
  8329 | D:10     | Noticed a boulder beetle
  8342 | D:10     | Killed a boulder beetle
  8375 | D:10     | Reached skill level 1 in Axes
  8449 | D:10     | Received a gift from Okawaru
  8453 | D:10     | Got a distressingly furry robe {god gift}
  8463 | D:10     | Identified the +2 robe "Kydeunez" {MP+9} (Okawaru gifted it
                  | to you on level 10 of the Dungeon)
  8492 | D:10     | Noticed Erolcha
  8497 | D:10     | Paralysed by Erolcha for 6 turns
  8506 | D:10     | Killed Erolcha
  8577 | D:10     | Found a shadowy altar of Dithmenos.
  8583 | D:10     | Noticed a two-headed ogre
  8599 | D:10     | Slain by a two-headed ogre

Illustrated notes

Levels and vault maps discovered:
D:1:      onia_arrival_pentagram, layout_basic
D:2:      layout_basic, kennysheep_okawaru_gauntlet, uniq_natasha, uniq_robin
D:3:      cheibrodos_greedy_goblins, layout_basic
D:4:      layout_basic, overflow_temple_1_default, biasface_ghost_orc_armoury,
          uniq_eustachio
D:5:      layout_basic, overflow_temple_1_default,
          nicolae_ossuary_entry_false_entrances, kb_lookout_dungeons_type,
          uniq_duvessa
D:6:      layout_gridville, fedhas_altar_3, serial_bayou, serial_bayou_lake_a,
          serial_bayou_ford_a, serial_bayou_pond_d, serial_bayou_pond_d,
          serial_bayou_shore_a, basic_altar, kennysheep_generic_room_14
D:7:      gammafunk_the_bubble [the_bubble_gammafunk_roulette], layout_rooms,
          nicolae_overflow_hidden_temple, minmay_temple_entry_nine_rooms,
          kennysheep_generic_room_16, uniq_prince_ribbit1
D:8:      layout_gridville, zin_statuary, minmay_lair_entry_grove, st_stairs_4,
          chequers_serial_rivers_small_b, uniq_pikel
D:9:      lemuel_ice_statue, layout_stronghold, serial_shops,
          nicolae_shop_waterfront, kennysheep_little_box,
          gammafunk_ghost_necromancy
D:10:     cheibrodos_ideogram_h, layout_rooms, ebering_ghost_funeral_grove,
          nicolae_trove_entry_columns, serial_shops, kennysheep_mini,
          eino_curves_01, grunt_dithmenos_smoke, uniq_erolcha, uniq_urug,
          uniq_maurice

Skill      XL: |  1  2  3  4  5  6  7  8  9 10 11 |
---------------+----------------------------------+-----
Fighting       | 3 4 5 6 |  6.6
Unarmed Combat | 3 4 5 6 8 10 11 12 | 12.4
Shields        | 3 4 5 |  5.7
Dodging        | 3 4 5 |  5.5
Invocations    | 1 2 3 4 5 6 |  6.0
Armour         | 2 |  2.4
Axes           | 2 |  2.0

Action                   |  1- 3 |  4- 6 |  7- 9 | 10-12 || total
-------------------------+-------+-------+-------+-------++-------
Melee: Unarmed           |    89 |   217 |   384 |   194 ||   884
       Broad axe         |       |       |       |    55 ||    55
Invok: Heroism           |       |       |     4 |     7 ||    11
Evoke: Wand              |       |       |     1 |       ||     1
  Use: Scroll            |       |       |     8 |     2 ||    10
       Potion            |       |       |       |     4 ||     4
 Stab: Sleeping          |       |     1 |       |       ||     1
Armor: Robe              |    18 |    11 |     5 |    18 ||    52
       Animal skin       |       |    87 |    66 |       ||   153
       Troll leather arm |       |       |     4 |    58 ||    62
Dodge: Dodged            |    22 |    88 |   157 |   116 ||   383
Block: Kite shield       |    40 |   104 |   142 |   151 ||   437

Table legend: (Time is in decaauts)
 A = Elapsed time spent in this place.
 B = Non-inter-level travel time spent in this place.
 C = Inter-level travel time spent in this place.
 D = Time resting spent in this place.
 E = Time spent auto-exploring this place.
 F = Levels seen in this place.
 G = Mean time per level.
                   A        B        C        D        E       F      G
               +--------+--------+--------+--------+--------+-----+--------+
         Total |   8624 |   8399 |    225 |    300 |   6157 |  11 |  784.0 |
       Dungeon |   8247 |   8022 |    225 |    300 |   5983 |  10 |  824.7 |
       Ossuary |    377 |    377 |      0 |      0 |    174 |   1 |  377.0 |
               +--------+--------+--------+--------+--------+-----+--------+

Top non-repeatable levels by time:
     D:6: 1157 daAuts
     D:9: 1009 daAuts
     D:3: 969 daAuts
     D:4: 916 daAuts
     D:5: 880 daAuts
     D:8: 879 daAuts
     D:1: 780 daAuts
     D:7: 751 daAuts
     D:2: 599 daAuts
 Ossuary: 377 daAuts
    D:10: 303 daAuts
